[Event "*** Titled Tuesday Blitz"]
[Site "Chess.com"]
[Date "2021.04.27"]
[Round "10"]
[White "TedBelanoff"]
[Black "Klavdia_Nik"]
[Result "0-1"]
[WhiteElo "2184"]
[BlackElo "2045"]
[TimeControl "180+1"]
[EndTime "11:53:22 PDT"]
[Termination "Klavdia_Nik won by resignation"]

1. e4 g6 2. f4 d6 3. Nf3 c5 4. Bc4 Bg7 5. O-O Nc6 6. Nc3 e6 7. Bb3 Nge7 8. d3 O-O 9. h4 d5 10. Bd2 Nd4 11. h5 Nxb3 12. axb3 dxe4 13. Nxe4 b6 14.
Bc3 Nd5 15. Bxg7 Kxg7 16. h6+ Kh8 17. Ne5 f6 18. Nf3 Ne3 19. Qd2 Nxf1 20. Rxf1 Bb7 21.
Qc3 Kg8 22. Rd1 Bxe4 23. Ng5 Bd5 24. Kh2 Qd6 25. g3 Rf7 26. Nh3 e5 27. Rf1 Re8 28.
f5 g5 29. Nf2 e4 30. dxe4 Bxe4 31. Re1 Rfe7 32. Ng4 Kf7 33. Rf1 Qd4 34. Qe1 Bxf5 35. Qf2 Qxf2+ 36. Nxf2 Re2 37. g4 Bxg4 38. Kg3 Bf5 39. Kf3 R8e3+ 40. Kg2 Rxc2 41. Kg1 Ree2 0-1

[Event "*** Titled Tuesday Blitz"]
[Site "Chess.com"]
[Date "2021.04.27"]
[Round "10"]
[White "Nikolakis2014"]
[Black "Jumbo"]
[Result "0-1"]
[WhiteElo "2626"]
[BlackElo "2788"]
[TimeControl "180+1"]
[EndTime "11:53:25 PDT"]
[Termination "Jumbo won by resignation"]

1. e4 c6 2. d4 d5 3. e5 Bf5 4. h4 h6 5. g4 Bd7 6. h5 c5 7.
c3 Nc6 8. Na3 cxd4 9. cxd4 Qa5+ 10. Bd2 Qb6 11. Bc3 e6 12. Nc2 a5 13. f4 Nb4 14. Nf3 Ba4 15. b3 Bd7 16. Ne3 Rc8 17. Bb2 Ne7 18. Kf2 Nec6 19. Kg1 Be7 20. Rh2 f6 21.
Kh1 Rf8 22. a3 Na6 23. Bd3 Kd8 24. Rc1 fxe5 25. fxe5 Rf4 26. Rg2 Be8 27. Qd2 Rxf3 28. Bc3 Bg5 29. Re2 Nc7 30. Kg2 Rf4 31. Qe1 Nb5 32. Bxb5 Qxb5 33. Bd2 Re4 34. Rc5 Qxb3 35. Bxa5+ b6 36. Rc3 Qb5 37. Bb4 Nxd4 38. Rxc8+ Kxc8 39. Qc3+ 0-1

[Event "*** Titled Tuesday Blitz"]
[Site "Chess.com"]
[Date "2021.04.27"]
[Round "10"]
[White "Julianos82"]
[Black "SanchezKelvin"]
[Result "0-1"]
[WhiteElo "2297"]
[BlackElo "252"]
[TimeControl "180+1"]
[EndTime "11:53:26 PDT"]
[Termination "SanchezKelvin won by resignation"]

1. d4 d5 2. Bf4 Nf6 3. e3 c5 4. c3 Nc6 5. Bd3 Qb6 6. Nd2 Bg4 7. f3 Bh5 8. Ne2 e6 9. h4 Bg6 10. Bxg6 hxg6 11. Qc2 Rc8 12. Bg5 cxd4 13. exd4 Nxd4 14.
Nxd4 Qxd4 15. O-O-O Qb6 16. Nb3 Be7 17. Kb1 a5 18. Nd4 Kf8 19. g4 Qc5 20. h5 gxh5 21.
gxh5 Nxh5 22. Rdg1 Bxg5 23. Rxg5 Qxd4 24. cxd4 Rxc2 25.
Kxc2 g6 26. Kb3 Ke7 27. Rgg1 Rb8 28. Rc1 Kd6 29. Ka4 Ra8 30. Kb5 Ra6 31. Rc5 Ng3 32. Rd1 a4 33. Rc8 Nf5 34. Rf8 Ke7 35. Rb8 Nd6+ 36.
Kb4 Kf6 37. Rc1 Rb6+ 38. Kxa4 Rxb2 39. Rc7 Rxa2+ 40. Kb3 Ra6 41. Rd8 Rb6+ 42. Kc2 Nb5 43. Rcd7 Nxd4+ 44. Kd3 Nxf3 45. Rf8 Ne5+ 0-1

[Event "*** Titled Tuesday Blitz"]
[Site "Chess.com"]
[Date "2021.04.27"]
[Round "10"]
[White "GelmanAlexander"]
[Black "KetiGrant"]
[Result "0-1"]
[WhiteElo "2555"]
[BlackElo "2382"]
[TimeControl "180+1"]
[EndTime "11:53:28 PDT"]
[Termination "KetiGrant won by resignation"]

1. d4 Nf6 2. Nc3 d5 3. Bf4 g6 4.
e3 Bg7 5. h4 h5 6. Qd2 a6 7. Nf3 b5 8. Ne5 O-O 9. f3 c5 10. dxc5 Qa5 11. a3 b4 12. Na2 Qxc5 13. Nxb4 Bf5 14. Bd3 a5 15. Na2 Nfd7 16. Nxd7 Nxd7 17.
Bxf5 gxf5 18. Nc3 e5 19. Bg3 d4 20. exd4 exd4 21. Ne2 Rfe8 22. O-O-O Nb6 23. Nxd4 Rad8 24. Bf2 Nc4 25. Qf4 Nxa3 26. Qxf5 Bh6+ 27. f4 Qxf5 28.
Nxf5 Bxf4+ 29. Be3 Rxe3 30. Rxd8+ Re8+ 31. Kd1 Rxd8+ 32. Ke2 Nxc2 33. Rc1 Bxc1 0-1

[Event "*** Titled Tuesday Blitz"]
[Site "Chess.com"]
[Date "2021.04.27"]
[Round "10"]
[White "DonBroca"]
[Black "Novoselski"]
[Result "0-1"]
[WhiteElo "2230"]
[BlackElo "2402"]
[TimeControl "180+1"]
[EndTime "11:53:28 PDT"]
[Termination "Novoselski won on time"]

1. e4 c5 2. Nf3 Nc6 3. d4 cxd4 4. Nxd4 e5 5. Nb5 a6 6. Nd6+ Bxd6 7. Qxd6 Qf6 8. Qd1 Qg6 9. Nc3 Nge7 10. Be3 d6 11. Qd2 O-O 12. f3 f5 13. Bd3 f4 14.
Bb6 Be6 15. O-O-O Nc8 16. Nd5 Nxb6 17. Nxb6 Rad8 18. Nd5 Qf7 19. Bc4 b5 20. Bb3 Nd4 21. c3 Rc8 22. Kb1 Nxb3 23. axb3 Rc5 24. b4 Rc6 25.
Kc2 Qa7 26. Rhf1 Rfc8 27. Qf2 Qb7 28. Qh4 Bxd5 29. Rxd5 Qc7 30. Qe1 a5 31. bxa5 Qxa5 32. Qa1 Qb6 33. Rfd1 b4 34. Qa2 Kf8 35. Qb3 Rxc3+ 36.
bxc3 Rxc3+ 37. Qxc3 bxc3 38. Kxc3 Qe3+ 39. R1d3 Qe1+ 40.
Rd2 Qc1+ 41. Kd3 Qc6 0-1

[Event "*** Titled Tuesday Blitz"]
[Site "Chess.com"]
[Date "2021.04.27"]
[Round "10"]
[White "Rodalquilar"]
[Black "SF-96"]
[Result "1-0"]
[WhiteElo "2773"]
[BlackElo "2611"]
[TimeControl "180+1"]
[EndTime "11:53:31 PDT"]
[Termination "Rodalquilar won by resignation"]

1. d4 Nf6 2. Bf4 g6 3. e3 Bg7 4. Nf3 O-O 5. Be2 b6 6. O-O Bb7 7.
h3 d6 8. Bh2 Nbd7 9. a4 a5 10.
Nbd2 Qe8 11. Bb5 Ne4 12. Nxe4 Bxe4 13. c3 Rd8 14. b4 axb4 15. cxb4 e5 16. dxe5 dxe5 17.
Nd2 Ba8 18. Qc2 Qe7 19. Qxc7 Qg5 20. Bg3 Nf6 21. Rfd1 Nh5 22. Nf1 Rxd1 23. Rxd1 Nxg3 24. Nxg3 h5 25. Bc6 Qh4 26. e4 Qf6 27. Rd6 Qf4 28. Bxa8 Rxa8 29. Rd8+ Rxd8 30. Qxd8+ Kh7 31. Qxb6 h4 32. Nf1 Qxe4 33. a5 Bf8 34. a6 Bxb4 35.
a7 Be1 36. Qe3 Qa8 37. Qxe1 Qxa7 38. Qxe5 Qa4 39. Qf6 Kg8 40. Ne3 Qe4 41. Ng4 Qb1+ 42. Kh2 Qb8+ 43. f4 1-0

[Event "*** Titled Tuesday Blitz"]
[Site "Chess.com"]
[Date "2021.04.27"]
[Round "10"]
[White "A-Fier"]
[Black "kingofthenil"]
[Result "1-0"]
[WhiteElo "2823"]
[BlackElo "2656"]
[TimeControl "180+1"]
[EndTime "11:53:32 PDT"]
[Termination "A-Fier won by resignation"]

1. e4 Nc6 2. d4 d5 3. e5 Bf5 4. c3 e6 5. Nd2 f6 6. f4 h5 7. Be2 h4 8. Ngf3 h3 9. g3 Nh6 10. O-O Ng4 11. Nb3 Be7 12. Ne1 Nh6 13. Nd3 b6 14. Bh5+ g6 15. Bf3 Bxd3 16. Qxd3 f5 17. c4 Nb4 18. Qc3 c6 19. a3 Na6 20. cxd5 cxd5 21. Be2 Rc8 22. Qd3 Nc7 23. Bd2 Kf7 24. Rac1 Qd7 25. Rc3 Ne8 26. Rfc1 Ng7 27. Qa6 Rxc3 28.
Rxc3 Ng4 29. Bb5 Qd8 30. Qxa7 Nh5 31. Be2 Qa8 32. Qxa8 Rxa8 33. Rc7 Ke8 34. Bb5+ Kf8 35. Be1 g5 36. Rxe7 Kxe7 37. fxg5 Rc8 38. Bc3 Rh8 39. Be2 Nxg3 40. Bxg4 fxg4 41. hxg3 Rf8 42.
Bb4+ Kf7 43. Bxf8 Kxf8 44. a4 Kg7 45. a5 bxa5 46. Nxa5 Kg6 47. b4 Kf5 48. b5 Ke4 49. b6 Kf3 50. b7 Kxg3 51. b8=Q h2+ 52. Kh1 Kf2 53. Qb2+ 1-0

[Event "*** Titled Tuesday Blitz"]
[Site "Chess.com"]
[Date "2021.04.27"]
[Round "10"]
[White "CSB7"]
[Black "ukchessbomber"]
[Result "1-0"]
[WhiteElo "2723"]
[BlackElo "2521"]
[TimeControl "180+1"]
[EndTime "11:53:32 PDT"]
[Termination "CSB7 won by resignation"]

1. e4 e5 2. Nf3 Nc6 3. Nc3 Nf6 4. Bb5 Bc5 5. O-O O-O 6. Nxe5 Nxe5 7. d4 Bxd4 8. Qxd4 d6 9. f4 Nc6 10. Qf2 Re8 11.
Re1 Bd7 12. b3 a6 13. Bf1 Ng4 14. Qd2 Qh4 15. g3 Qf6 16. h3 Nh6 17. Bg2 Qd4+ 18. Kh2 f5 19. Rd1 Qf6 20. e5 Qg6 21. exd6 Be6 22.
dxc7 Rac8 23. Nd5 Qh5 24. Bb2 Ng4+ 25. Kg1 Nh6 26. Re1 Qg6 27. Kh2 Qh5 28. Rad1 Ng4+ 29.
Kg1 Nh6 30. c4 a5 31. Qe2 Kh8 32. Qxh5 1-0

[Event "*** Titled Tuesday Blitz"]
[Site "Chess.com"]
[Date "2021.04.27"]
[Round "10"]
[White "Zipa5"]
[Black "DanielTitichoca"]
[Result "0-1"]
[WhiteElo "1884"]
[BlackElo "2360"]
[TimeControl "180+1"]
[EndTime "11:53:32 PDT"]
[Termination "DanielTitichoca won on time"]

1. Nf3 c5 2. c4 Nc6 3. e3 Nf6 4. d4 cxd4 5. exd4 d5 6. c5 g6 7. Be2 Bg7 8. Nc3 O-O 9. O-O b6 10. Qa4 Bd7 11. Qa3 bxc5 12. Qxc5 e6 13. b3 Rc8 14. Qa3 Ne4 15. Nb5 Re8 16. Be3 Qb6 17. Rac1 a5 18. Nd6 Nxd6 19. Qxd6 Red8 20. Qc5 Qb7 21. Qa3 Nb4 22. Qxa5 Bf8 23. a3 Ra8 24. axb4 Rxa5 25. bxa5 Bb5 26. Bxb5 Qxb5 27. Ra1 Ra8 28. Rfc1 Kg7 29. Ne5 Rxa5 30. Rxa5 Qxa5 31. Rc8 Bd6 0-1

[Event "*** Titled Tuesday Blitz"]
[Site "Chess.com"]
[Date "2021.04.27"]
[Round "10"]
[White "LileKoridze"]
[Black "PotapovaM"]
[Result "0-1"]
[WhiteElo "2406"]
[BlackElo "2566"]
[TimeControl "180+1"]
[EndTime "11:53:35 PDT"]
[Termination "PotapovaM won by resignation"]

1. d4 Nf6 2. c4 e6 3. Nc3 Bb4 4. e3 O-O 5. Bd3 d5 6. Ne2 dxc4 7.
Bxc4 c5 8. O-O cxd4 9. exd4 b6 10. Bg5 Bb7 11. Qd3 Be7 12. Rad1 Nc6 13. a3 h6 14. Bh4 Na5 15. Ba2 Nh5 16. Bb1 g6 17. Bxe7 Qxe7 18. Qe3 Qg5 19. d5 Qxe3 20. fxe3 Nc4 21. dxe6 Nxe3 22. exf7+ Kg7 23. Rd6 Nxf1 24. Rxg6+ Kxf7 25. Rxh6 Rh8 26. Bg6+ Kg7 27. Rxh5 Kxg6 28. Nf4+ Kg7 29. Rg5+ Kf6 30. Rg6+ Kf5 31. Rg7 Kxf4 32.
Rxb7 Ne3 33. Rf7+ Kg5 34. Ne4+ Kg6 35. Rf6+ Kg7 36. Rf3 Nd5 37. Rd3 Nf4 38. Rd7+ Kg6 39. Rd6+ Kf5 40. Ng3+ Ke5 41. Rd7 Rhd8 42. Re7+ Kf6 43.
Re4 Ne6 44. Re3 Nc5 45. b4 Ne6 46. Ne4+ Kf7 47. Rf3+ Ke7 48. h4 Nd4 49. Rf1 Rh8 50. g3 Rag8 51. Re1 Nf3+ 0-1

[Event "*** Titled Tuesday Blitz"]
[Site "Chess.com"]
[Date "2021.04.27"]
[Round "10"]
[White "The_filthy"]
[Black "anon569"]
[Result "1-0"]
[WhiteElo "2407"]
[BlackElo "2253"]
[TimeControl "180+1"]
[EndTime "11:53:35 PDT"]
[Termination "The_filthy won by resignation"]

1. e4 c5 2. Nf3 d6 3. d4 cxd4 4. Nxd4 Nf6 5. Nc3 a6 6. Be3 e6 7. f3 Qc7 8. Qd2 b5 9. O-O-O Bb7 10. g4 Be7 11. h4 Nfd7 12. Bd3 Ne5 13. Kb1 Nbd7 14. h5 Nb6 15. b3 Rc8 16. Nce2 Nec4 17. Qc1 Nxe3 18. Qxe3 d5 19. e5 Nc4 20. Bxc4 bxc4 21. g5 Qb6 22. g6 Kd7 23. gxf7 Rcf8 24. f4 Bc5 25. f5 Rxf7 26. fxe6+ Qxe6 27. Nxe6 Bxe3 28. N6d4 Re7 29. e6+ Kc7 30. Rh3 Bg5 31.
Rf3 h6 32. Rdf1 Rhe8 33. Rf7 Bc8 34. Nc3 Kd8 35. Nc6+ Kc7 36. Nxe7 Bxe7 37. Nxd5+ Kd6 38. Rxe7 Rxe7 39. Nxe7 Kxe7 40. Rf7+ Kxe6 41. Rxg7 cxb3 42. axb3 1-0

[Event "*** Titled Tuesday Blitz"]
[Site "Chess.com"]
[Date "2021.04.27"]
[Round "10"]
[White "Vladyslav_Puchka"]
[Black "GoValya"]
[Result "1-0"]
[WhiteElo "2121"]
[BlackElo "2221"]
[TimeControl "180+1"]
[EndTime "11:53:35 PDT"]
[Termination "Vladyslav_Puchka won by resignation"]

1. d4 g6 2. c4 Bg7 3. Nc3 c5 4. d5 Bxc3+ 5. bxc3 f5 6. Qc2 Nf6 7. g3 d6 8. Bg2 Nbd7 9. Nf3 Kf8 10. Bh6+ Kg8 11.
Ng5 Ne5 12. h3 Nxc4 13. O-O b6 14. Rfe1 Ne5 15. e4 fxe4 16. Nxe4 Bf5 17. Qe2 Bxe4 18.
Bxe4 Kf7 19. f4 Ned7 20. Bf3 Nf8 21. g4 Qd7 22. Kh2 Ng8 23. g5 Nxh6 24. gxh6 Re8 25. Bg4 e6 26. Qc4 Rg8 27. Re2 Qc7 28. Rae1 e5 29. fxe5 Nd7 30. e6+ Kf6 31. Qf4+ Ke7 32. exd7+ 1-0

[Event "*** Titled Tuesday Blitz"]
[Site "Chess.com"]
[Date "2021.04.27"]
[Round "10"]
[White "Rsnr"]
[Black "Cptn2"]
[Result "1-0"]
[WhiteElo "2761"]
[BlackElo "2604"]
[TimeControl "180+1"]
[EndTime "11:53:36 PDT"]
[Termination "Rsnr won by resignation"]

1. d4 Nf6 2. c4 b6 3. Nf3 Bb7 4. Nc3 d5 5. a3 e6 6. Bg5 Be7 7.
Qa4+ Nbd7 8. Bxf6 Bxf6 9. cxd5 exd5 10. g3 O-O 11. Bh3 c5 12. Qxd7 Qxd7 13. Bxd7 cxd4 14.
Nb5 d3 15. Nbd4 Rfd8 16. Bf5 dxe2 17. Kxe2 g6 18. Bd3 Bc8 19. h3 Re8+ 20. Kd2 Re4 21. Nb5 Bd7 22. Nc7 Rd8 23. Nxd5 Re6 24. Nxf6+ Rxf6 25.
Ne5 Rxf2+ 26. Ke3 Rxb2 27. Bc4 Be6 28. Bxe6 fxe6 29. Rhd1 Rb3+ 30. Rd3 Rdxd3+ 31. Nxd3 Kf8 32. a4 Ke7 33. Kd4 Kd6 34. a5 b5 35. a6 e5+ 36. Ke4 Rc3 37. Rf1 Rc4+ 38. Ke3 e4 39. Nf2 Rc3+ 40. Kd4 Rc4+ 41. Ke3 Rc3+ 42. Kf4 Rf3+ 43.
Kxe4 Rxg3 44. Rd1+ Kc6 45. Ke5 Rf3 46. Rd6+ Kc7 47.
Ne4 Rxh3 48. Rf6 Rh5+ 49. Kd4 Rf5 50. Re6 h5 51. Rxg6 b4 52. Nc5 Rf4+ 53. Kd5 Rf5+ 54. Kc4 Rf4+ 55. Kb5 h4 56. Rh6 Kb8 57. Kc6 Rf8 58.
Nd7+ 1-0

[Event "*** Titled Tuesday Blitz"]
[Site "Chess.com"]
[Date "2021.04.27"]
[Round "10"]
[White "AldokhinIvan"]
[Black "ChadBiryani"]
[Result "0-1"]
[WhiteElo "2524"]
[BlackElo "2358"]
[TimeControl "180+1"]
[EndTime "11:53:36 PDT"]
[Termination "ChadBiryani won by resignation"]

1. e4 c5 2. Nf3 d6 3. d4 cxd4 4. Nxd4 Nf6 5. Nc3 g6 6. Bc4 Bg7 7. Bb3 O-O 8. h3 Nc6 9. Be3 Nxd4 10. Bxd4 Be6 11. O-O a6 12. Re1 Bxb3 13. axb3 Nd7 14.
Bxg7 Kxg7 15. Qd4+ Kg8 16. Rad1 Rc8 17. Kh1 Re8 18.
f4 Qa5 19. Re2 Qh5 20. Rdd2 Nc5 21. Nd5 Qh4 22. Kh2 Ne6 23. Qe3 Rc6 24. Rf2 Nc5 25.
g3 Qh5 26. f5 Nd7 27. Rf4 Ne5 28. f6 g5 29. fxe7 gxf4 30. Qxf4 Nd7 31. Rf2 Qg6 32. c4 b5 33. Qe3 Kg7 34. Rf4 Ne5 35.
Rf6 Qh5 36. Rf5 Ng4+ 37. Kg1 Nxe3 38. Rxh5 Nxd5 39. exd5 Rc7 40. Rg5+ Kf6 0-1

[Event "*** Titled Tuesday Blitz"]
[Site "Chess.com"]
[Date "2021.04.27"]
[Round "10"]
[White "tylityli"]
[Black "RafalBRC"]
[Result "0-1"]
[WhiteElo "2317"]
[BlackElo "2198"]
[TimeControl "180+1"]
[EndTime "11:53:39 PDT"]
[Termination "RafalBRC won on time"]

1. d4 Nf6 2. c4 e6 3. Nc3 Bb4 4. e3 O-O 5. Ne2 c5 6. d5 exd5 7. cxd5 d6 8. g3 Bg4 9. Bg2 Nbd7 10. O-O Ne5 11. f3 Bh5 12. Nf4 Bg6 13. e4 c4 14. Be3 a6 15. a3 Ba5 16. a4 Nfd7 17. Bd4 Bb6 18. Kh1 Nc5 19. Bxe5 dxe5 20. Nxg6 hxg6 21.
Qe2 Nd3 22. b3 Bd4 23. Qc2 Nb4 24. Qd2 cxb3 25. Rab1 Nc2 26. Rxb3 Ne3 27. Re1 Nxg2 28. Kxg2 Qa5 29. Nb1 Qxa4 30. Rxb7 Rac8 31. Re2 Rc4 32. f4 Rfc8 33. Kh3 exf4 34. gxf4 Rc2 35. Qd3 R8c3 0-1

[Event "*** Titled Tuesday Blitz"]
[Site "Chess.com"]
[Date "2021.04.27"]
[Round "10"]
[White "secretsuperstar7"]
[Black "Chernov_Alexander_A"]
[Result "0-1"]
[WhiteElo "2213"]
[BlackElo "2325"]
[TimeControl "180+1"]
[EndTime "11:53:39 PDT"]
[Termination "Chernov_Alexander_A won on time"]

1. d4 Nf6 2. c4 e6 3. Nc3 Bb4 4.
e3 b6 5. Nf3 Bb7 6. Bd2 O-O 7.
Qc2 Bxc3 8. Bxc3 Ne4 9. Bd3 f5 10. O-O-O d6 11. d5 Nxc3 12. Qxc3 e5 13. e4 f4 14. h4 Nd7 15. Ng5 Qe7 16. Be2 Nf6 17. Bf3 Bc8 18. Qc2 Bd7 19. Qe2 c6 20. g4 cxd5 21.
cxd5 Rfc8+ 22. Kb1 Rc5 23. Rc1 Rac8 24. Nh3 Bb5 25. Qd2 Qc7 26. Rxc5 Qxc5 27. g5 Ne8 28. Bg4 Rc7 29. h5 Qc4 30. a3 Qb3 31. Be6+ Kf8 32.
Rc1 Bc4 33. Rc3 Qa2+ 34. Kc1 b5 35. Qc2 a5 36. Kd2 Qa1 37. b3 Qf1 38. bxc4 b4 39. Rd3 f3 0-1

[Event "*** Titled Tuesday Blitz"]
[Site "Chess.com"]
[Date "2021.04.27"]
[Round "10"]
[White "WiktoriaPOL"]
[Black "aljado"]
[Result "1-0"]
[WhiteElo "2031"]
[BlackElo "2021"]
[TimeControl "180+1"]
[EndTime "11:53:39 PDT"]
[Termination "WiktoriaPOL won on time"]

1. e4 c5 2. d4 cxd4 3. c3 e6 4.
cxd4 d5 5. e5 Nc6 6. Nc3 Qb6 7.
Nf3 Nge7 8. Bd3 Ng6 9. h4 Bb4 10. h5 Nge7 11. O-O Bd7 12. Bg5 h6 13. Bxe7 Bxe7 14. Rc1 O-O 15. b4 Bxb4 16. Na4 Qa5 17. Nc5 Bxc5 18. dxc5 Qxa2 19. Ra1 Qb2 20. Rb1 Qc3 21. Rxb7 Rfd8 22. Qe2 Qxc5 23. g4 Nd4 24. Nxd4 Qxd4 25. Rc1 Qf4 26. Rcc7 Be8 27. Rxa7 Rxa7 28. Rxa7 Rc8 29. Kg2 f5 30. exf6 Qxf6 31. Ra6 Qg5 32. Qxe6+ Kh8 33. Qxc8 Qe5 34. Re6 1-0

[Event "*** Titled Tuesday Blitz"]
[Site "Chess.com"]
[Date "2021.04.27"]
[Round "10"]
[White "Gloomy_Wanderer"]
[Black "scandalgod"]
[Result "0-1"]
[WhiteElo "2724"]
[BlackElo "2610"]
[TimeControl "180+1"]
[EndTime "11:53:40 PDT"]
[Termination "scandalgod won by resignation"]

1. d4 d5 2. c4 c6 3. cxd5 cxd5 4. Nc3 Nf6 5. Bg5 Ne4 6. Nxe4 dxe4 7. Rc1 Nc6 8. d5 h6 9. dxc6 Qxd1+ 10. Kxd1 hxg5 11. cxb7 Bxb7 12. e3 a6 13. Ne2 Rd8+ 14. Kc2 Rh6 15. Nc3 Rf6 16. Nd1 Rfd6 17. Bc4 Rd2+ 18. Kb1 e6 19.
Bb3 Bb4 20. a3 Ba5 21. Rc5 Bb6 22. Rxg5 Kf8 23. h4 Bc6 24. h5 Bb5 25. h6 gxh6 26.
Rg3 a5 27. a4 Bd3+ 28. Ka2 Bc5 29. Rxh6 Be2 30. Nc3 Bd3 31. Bxe6 Bb4 32. Rh8+ Ke7 33.
Nd5+ Rxd5 34. Bxd5 Bc3 35. Kb3 Bxb2 36. Bc4 Bxh8 0-1

[Event "*** Titled Tuesday Blitz"]
[Site "Chess.com"]
[Date "2021.04.27"]
[Round "10"]
[White "Sergey85Rodchenkov"]
[Black "Kapibara_Warri0r"]
[Result "1-0"]
[WhiteElo "2528"]
[BlackElo "2251"]
[TimeControl "180+1"]
[EndTime "11:53:40 PDT"]
[Termination "Sergey85Rodchenkov won on time"]

1. e4 e5 2. Nf3 Nc6 3. Bc4 Nf6 4. d3 Be7 5. O-O O-O 6. Re1 d6 7. c3 Kh8 8. Nbd2 Ng8 9. d4 Bg4 10. h3 Bh5 11. dxe5 Nxe5 12. Be2 Bxf3 13. Nxf3 Qe8 14. Bf4 f5 15. Nxe5 dxe5 16. Bxe5 fxe4 17. Bg3 Rd8 18. Qc2 Bc5 19. b4 Bb6 20. Bc4 Nf6 21. Rad1 Nh5 22. Rxd8 Qxd8 23. Kh2 Nxg3 24. fxg3 e3 25. Qe4 Qf6 26.
Rf1 Qd6 27. Rxf8+ Qxf8 28. Qe6 c6 29. h4 h6 30. h5 Qd8 31. a4 Bc7 32. Kh3 a5 33.
Qxe3 axb4 34. cxb4 b6 35. Qe6 c5 36. bxc5 bxc5 37. Bd5 Bb8 38. a5 c4 39. Bxc4 1-0

[Event "*** Titled Tuesday Blitz"]
[Site "Chess.com"]
[Date "2021.04.27"]
[Round "10"]
[White "jacky72"]
[Black "sergiochess83"]
[Result "1-0"]
[WhiteElo "2751"]
[BlackElo "2871"]
[TimeControl "180+1"]
[EndTime "11:53:41 PDT"]
[Termination "jacky72 won on time"]

1. d4 Nf6 2. c4 g6 3. Nc3 d5 4. Nf3 Bg7 5. h4 dxc4 6. e4 c5 7. d5 b5 8. h5 O-O 9. hxg6 fxg6 10. e5 Ng4 11. d6 e6 12. Rxh7 Rf5 13. Rh3 Bb7 14.
Nxb5 Qa5+ 15. Nc3 Nxe5 16. Nxe5 Rxe5+ 17. Be3 Nc6 18. Bxc4 Nd4 19. Kf1 Rd8 20. Qg4 Qb4 21. Bd3 Nf5 22. Qxg6 Qxb2 23. Rb1 Bxg2+ 24. Kxg2 Qxc3 25.
Bxf5 Rxf5 26. Qxe6+ Rf7 27. Rb7 Qf6 28. Qxf6 Rxf6 29. Rg3 Rf7 30. Rxf7 Kxf7 31. Bxc5 Be5 32. Ra3 Ke6 33. Rxa7 Kd5 34. Bb4 Bxd6 35. Bxd6 Rxd6 36. Re7 Ra6 37. Re2 Ra3 38. f3 1-0

[Event "*** Titled Tuesday Blitz"]
[Site "Chess.com"]
[Date "2021.04.27"]
[Round "10"]
[White "c_r_e_e_p_e_r"]
[Black "monikarozman"]
[Result "0-1"]
[WhiteElo "2385"]
[BlackElo "2234"]
[TimeControl "180+1"]
[EndTime "11:53:41 PDT"]
[Termination "monikarozman won by resignation"]

1. d4 Nf6 2. c4 e6 3. Nc3 Bb4 4. e3 O-O 5. a3 Bxc3+ 6. bxc3 c5 7. Bd3 Nc6 8. e4 e5 9. Ne2 d6 10. d5 Na5 11. f3 b6 12. g4 Ba6 13. Ng3 Bxc4 14. Bxc4 Nxc4 15. Qe2 b5 16. h4 Rb8 17. Bg5 h6 18. Nf5 Nb6 19. Qd2 b4 20. axb4 cxb4 21.
Rxa7 bxc3 22. Qc1 Nbd7 23. Bxf6 Nxf6 24. g5 hxg5 25. Qxg5 Ne8 26. Ne7+ Qxe7 27. Rxe7 Rb1+ 28. Ke2 Rxh1 29. Rxe8 Rxe8 30. Qg2 Ra1 31. Kd3 Rc8 32. Qc2 Ra4 33. Qxa4 c2 34. Qxc2 Rxc2 35. Kxc2 Kh7 36.
Kd3 Kh6 37. Ke3 Kh5 38. f4 f6 39. fxe5 fxe5 40. Kf3 Kxh4 0-1

[Event "*** Titled Tuesday Blitz"]
[Site "Chess.com"]
[Date "2021.04.27"]
[Round "10"]
[White "mary-sanna"]
[Black "AniJak"]
[Result "0-1"]
[WhiteElo "2139"]
[BlackElo "2296"]
[TimeControl "180+1"]
[EndTime "11:53:42 PDT"]
[Termination "AniJak won by checkmate"]

1. d4 d5 2. Bf4 Nf6 3. e3 e6 4. Nf3 Bd6 5. Bg3 O-O 6. Nbd2 c5 7. c3 Nc6 8. Bd3 b6 9. Ne5 Bb7 10. Ndf3 Ne4 11. Nxc6 Bxc6 12. Bxd6 Qxd6 13. Bxe4 dxe4 14. Ng5 h6 15. Nh3 cxd4 16. exd4 e5 17. dxe5 Qxe5 18. O-O Rad8 19. Qe2 Rd6 20. Rad1 Rfd8 21. f4 Qc5+ 22. Nf2 Bb5 23. Rxd6 Rxd6 24. Qxe4 Bxf1 25. Qe8+ Kh7 26. Qe4+ f5 27. Qf3 Bc4 28. h3 Bd5 29.
Qg3 Rg6 30. Qh4 Rxg2+ 31. Kf1 Rxf2+ 32. Qxf2 Qxf2+ 33. Kxf2 Bxa2 34. Ke3 g5 35. fxg5 hxg5 36. Kd4 f4 37. c4 Kg6 38. b4 Kf5 39. c5 bxc5+ 40.
bxc5 Be6 41. c6 a5 42. c7 a4 43. Kc5 a3 44. Kd6 a2 45. h4 a1=Q 46. hxg5 Qe5+ 47. Kc6 Qd5+ 48. Kb6 Qd6+ 49. Kb7 Qd7 50. g6 Kxg6 51.
Kb6 Bd5 52. c8=Q Qxc8 53. Ka7 Qb7# 0-1

[Event "*** Titled Tuesday Blitz"]
[Site "Chess.com"]
[Date "2021.04.27"]
[Round "10"]
[White "MarcoRiehle"]
[Black "riospm"]
[Result "1-0"]
[WhiteElo "2707"]
[BlackElo "2534"]
[TimeControl "180+1"]
[EndTime "11:53:43 PDT"]
[Termination "MarcoRiehle won by resignation"]

1. e4 c5 2. a3 Nc6 3. b4 cxb4 4. axb4 Nxb4 5. d4 d5 6. c3 Nc6 7. exd5 Qxd5 8. Na3 Qd8 9. d5 Na5 10. Bf4 a6 11.
Nf3 Nf6 12. Nc4 Nxc4 13. Bxc4 e6 14. O-O exd5 15. Re1+ Be7 16. Bb5+ Bd7 17. Bd6 Bxb5 18. Bxe7 Qxe7 19. Rxe7+ Kxe7 20. Qe1+ Kf8 21. Nd4 Bd7 22. Qe5 h6 23. h3 Kg8 24. Qc7 Bc8 25. Re1 Kh7 26.
Qxf7 Rg8 27. Re7 Kh8 28. Nf3 Bf5 29. Ne5 b5 30. Rb7 a5 31. g4 Bc2 32. g5 hxg5 33.
h4 gxh4 34. Rxb5 a4 35. Rb2 Bh7 36. Qxd5 Be4 37. Qd4 a3 38. Ra2 Rgf8 39. f3 Bb1 40.
Qxh4+ Kg8 41. Qc4+ Kh8 42. Rh2+ Nh7 43. Qd5 a2 44. Nf7+ Rxf7 45. Qxa8+ 1-0

[Event "*** Titled Tuesday Blitz"]
[Site "Chess.com"]
[Date "2021.04.27"]
[Round "10"]
[White "Raud100"]
[Black "rachidhuilda"]
[Result "1-0"]
[WhiteElo "2460"]
[BlackElo "2284"]
[TimeControl "180+1"]
[EndTime "11:53:43 PDT"]
[Termination "Raud100 won on time"]

1. d4 Nf6 2. c4 c5 3. d5 b5 4. f3 e6 5. e4 bxc4 6. Nc3 Bb7 7. Bxc4 exd5 8. Nxd5 Nxd5 9. Bxd5 Bxd5 10. Qxd5 Nc6 11. Ne2 Be7 12. O-O O-O 13. Rd1 Nb4 14. Qxd7 Nc2 15. Rb1 Nd4 16. Qxd8 Rfxd8 17. Nxd4 cxd4 18.
Bd2 Rab8 19. b3 Ba3 20. Bc1 Bb4 21. Rd3 Rbc8 22. Bb2 Rc2 23. Kf1 h5 24. a3 Bc5 25.
b4 Bb6 26. a4 Rdc8 27. a5 Bd8 28. Bxd4 Bg5 29. Bxa7 Ra2 30. Bc5 h4 31. h3 Bf4 32.
Rbd1 Kh7 33. Re1 Bg3 34. Rb1 Rf2+ 35. Kg1 Rc2 36. a6 Ra8 37. a7 Rxc5 38. bxc5 Rxa7 39.
Rc3 Ra2 40. c6 Be5 41. c7 1-0

[Event "*** Titled Tuesday Blitz"]
[Site "Chess.com"]
[Date "2021.04.27"]
[Round "10"]
[White "kidagent"]
[Black "microbear"]
[Result "0-1"]
[WhiteElo "2321"]
[BlackElo "2204"]
[TimeControl "180+1"]
[EndTime "11:53:47 PDT"]
[Termination "microbear won by resignation"]

1. e4 c5 2. Nf3 d6 3. d4 Nf6 4. Nc3 cxd4 5. Nxd4 Nc6 6. Be2 e5 7.
Ndb5 a6 8. Na3 b5 9. Nd5 Nxe4 10. Bf3 f5 11. O-O Nd4 12. Bh5+ g6 13. c3 Ne6 14.
Bf3 Rb8 15. Be3 Bg7 16. Nc2 O-O 17. Re1 Bb7 18. Bb6 Qd7 19. Nce3 N4g5 20. Be2 f4 21. Nc2 Bxd5 22. Qxd5 Rxb6 23. h4 Nf7 24. Bg4 Re8 25. Rad1 Qe7 26. h5 Nc7 27. Qb3 g5 28. a4 h6 29. a5 Rbb8 30. Nb4 Kh8 31. Nc6 Qf8 32. Nxb8 Rxb8 33. Qc2 d5 34. Qg6 Rd8 35. Bf5 Qg8 36. Bb1 Nd6 37. b3 e4 38. g3 Qe6 39. Qxe6 Nxe6 40. gxf4 Nxf4 41. c4 bxc4 42. bxc4 Nxc4 43. Ba2 Ne5 44. Kh2 Nf3+ 45. Kh1 Nxe1 46. Rxe1 d4 0-1